 Dungeon Crawl Stone Soup version 0.30.0 (webtiles) character file.

Game seed: 12041798835174616894

74 Dani the Shooter (level 3, -2/30 HPs)
             Began as a Demigod Hunter on May 12, 2023.
             Slain by an orc wizard
             ... wielding a +2 dagger of electrocution
              (3 damage)
             ... on level 3 of the Dungeon.
             The game lasted 00:02:50 (1766 turns).

Dani the Shooter (Demigod Hunter)                   Turns: 1766, Time: 00:02:51

Health: -2/30      AC:  3    Str: 12    XL:     3   Next: 85%
Magic:  5/5        EV: 12    Int: 11    God:
Gold:   140        SH:  0    Dex: 21    Spells: 2/2 levels left

rFire   . . .        a - +0 shortbow
rCold   . . .        (shield currently unavailable)
rNeg    . . .        c - +0 leather armour
rPois   .            (no helmet)
rElec   .            (no cloak)
rCorr   .            (no gloves)
SInv    .            (no boots)
Will    .....        (no amulet)
Stlth   +            (no ring)
HPRegen 0.25/turn    (no ring)
MPRegen 0.09/turn

%: no passive effects
@: confused
A: high MP 1, forlorn, divine attributes
a: no special abilities


You were on level 3 of the Dungeon.
You visited 1 branch of the dungeon, and saw 3 of its levels.

You collected 140 gold pieces.

Inventory:

Hand Weapons
 a - a +0 shortbow (weapon)
Missiles
 d - 6 poisoned darts
Armour
 c - a +0 leather armour (worn)
Scrolls
 b - a scroll of immolation
 f - a scroll of amnesia {unknown}
 g - a scroll of fog {unknown}
 k - a scroll of magic mapping {unknown}
 l - 2 scrolls of identify {unknown}
 m - a scroll of summoning {unknown}
 n - a scroll of blinking {unknown}
 p - a scroll of teleportation {unknown}
Potions
 e - a potion of curing {unknown}
 h - a potion of brilliance {unknown}
 i - a potion of might {unknown}
 j - a potion of heal wounds {unknown}
 o - a potion of lignification {unknown}


   Skills:
 - Level 2.3 Fighting
 + Level 4.2 Ranged Weapons
 - Level 0.1 Armour
 - Level 2.4 Dodging
 - Level 1.8 Stealth


You had 2 spell levels left.
You didn't know any spells.
Your spell library contained the following spells:

 Spells                   Type           Power      Damage    Failure   Level
 Apportation              Tloc           0%         N/A       41%         1
 Necrotise                Necr           0%         1d4       41%         1
 Slow                     Hex            0%         N/A       41%         1
 Summon Small Mammal      Summ           0%         N/A       41%         1
 Confusing Touch          Hex            0%         N/A       80%         3
 Vampiric Draining        Necr           0%         2d6       80%         3


Dungeon Overview and Level Annotations

Branches:
Dungeon (3/15)


Innate Abilities, Weirdness & Mutations

You have an increased reservoir of magic. (+10% MP)
You shall have no god before yourself.
Your divine heritage dramatically boosts your attributes as you level up.


Message History

No target in view!
No target in view!
A jackal comes into view.
A jackal is nearby!
A jackal is nearby!
A jackal is nearby!
You shoot an arrow. The arrow hits the jackal.
The jackal barks!
The jackal is almost dead.
You hear a bark!
A jackal comes into view.
You hear a shout! x2
You shoot an arrow.
The arrow hits the jackal but does no damage.
The jackal is almost dead.
You shoot an arrow. The arrow barely misses the jackal.
The arrow hits the jackal.
You kill the jackal!
You shoot an arrow. The arrow hits the jackal.
You kill the jackal!
No target in view!
No target in view!
You see here a jackal corpse.
An orc comes into view. It is wielding a +0 whip. x2
You shoot an arrow. The arrow barely misses the orc.
The orc shouts! x2
An orc is nearby!
An orc is nearby!
An orc is nearby!
An orc is nearby!
You shoot an arrow. The arrow hits the orc!
You kill the orc!
You shoot an arrow. The arrow hits the orc!
You kill the orc!
An orc comes into view. It is wielding a +0 hand axe.
An orc is nearby!
You shoot an arrow. The arrow hits the orc!
You kill the orc!
An orc wizard comes into view.
It is wielding a +2 dagger of electrocution.
An orc wizard is nearby!
You shoot an arrow. The arrow hits the orc wizard.
The orc wizard is lightly wounded.
An orc wizard is nearby!
You shoot an arrow.
The arrow hits the orc wizard but does no damage.
The orc wizard is lightly wounded.
The orc wizard casts a spell at you. You resist with some effort.
An orc wizard is nearby!
You shoot an arrow. The arrow hits the orc wizard!
The orc wizard is severely wounded.
The orc wizard casts a spell at you.
You are confused.
The orc wizard gestures at you while chanting.
The magic dart hits you!
Non-targeted confused fire: a) +0 shortbow
Press: ? - help, Q - select action, (/) - cycle Dir - look around, f - activate You shoot an arrow.
Unknown command.
Unknown command.
Non-targeted confused fire: a) +0 shortbow
Press: ? - help, Q - select action, (/) - cycle Dir - look around, f - activate You shoot an arrow.
Non-targeted confused fire: a) +0 shortbow
Press: ? - help, Q - select action, (/) - cycle Dir - look around, f - activate Look: an orc wizard, wielding a +2 dagger of electrocution and wearing a +0 robe (severely wounded)
You shoot an arrow.
The orc wizard points at you and mumbles some strange words.
The puff of flame hits you.
* * * LOW HITPOINT WARNING * * *
Non-targeted confused fire: a) +0 shortbow
Press: ? - help, Q - select action, (/) - cycle Dir - look around, f - activate Look: an orc wizard, wielding a +2 dagger of electrocution and wearing a +0 robe (severely wounded)
You shoot an arrow.
The orc wizard points at you and mumbles some strange words.
You are more confused.
Non-targeted confused fire: a) +0 shortbow
Press: ? - help, Q - select action, (/) - cycle Dir - look around, f - activate Look: an orc wizard, wielding a +2 dagger of electrocution and wearing a +0 robe (severely wounded)
You shoot an arrow.
Non-targeted confused fire: a) +0 shortbow
Press: ? - help, Q - select action, (/) - cycle Dir - look around, f - activate Look: an orc wizard, wielding a +2 dagger of electrocution and wearing a +0 robe (severely wounded)
You shoot an arrow.
The orc wizard gestures at you while chanting.
The puff of flame misses you.
Non-targeted confused fire: a) +0 shortbow
Press: ? - help, Q - select action, (/) - cycle Dir - look around, f - activate Look: an orc wizard, wielding a +2 dagger of electrocution and wearing a +0 robe (severely wounded)
You shoot an arrow.
The orc wizard hits you with a +2 dagger of electrocution.
* * * LOW HITPOINT WARNING * * *
You are electrocuted!
* * * LOW HITPOINT WARNING * * *
Non-targeted confused fire: a) +0 shortbow
Press: ? - help, Q - select action, (/) - cycle Dir - look around, f - activate Look: an orc wizard, wielding a +2 dagger of electrocution and wearing a +0 robe (severely wounded)
You shoot an arrow. The arrow barely misses the orc wizard.
The orc wizard hits you with a +2 dagger of electrocution.
You die...

#### ..##########
#.##.......#
#..####.##.#####.#
......†.†.....##.#
#..####.##.##.##.#
#@##.##.##.#
).)...o.##...†...#
#############.####
#.# #.# #.....#
#.#
#.....#######.##
#......#...†...#
#......#.####..#


You could see an orc wizard.

Vanquished Creatures
  2 adders
  A dart slug (D:1)
  4 orcs (D:3)
  5 endoplasms
  2 giant cockroaches (D:2)
  3 goblins
  7 hobgoblins
  6 jackals
  2 quokkas (D:1)
  2 ball pythons
  4 bats
  A kobold (D:1)
  5 rats
44 creatures vanquished.

Notes
Turn   | Place    | Note
-------+----------+-------------------------------------------
     0 | D:1      | Dani the Demigod Hunter began the quest for the Orb.
     0 | D:1      | Reached XP level 1. HP: 17/17 MP: 3/3
   161 | D:1      | Reached skill level 1 in Stealth
   249 | D:1      | Reached skill level 2 in Fighting
   249 | D:1      | Reached skill level 2 in Dodging
   270 | D:1      | Reached XP level 2. HP: 24/24 MP: 4/4
  1151 | D:2      | Reached XP level 3. HP: 29/29 MP: 5/5
  1537 | D:3      | Reached skill level 4 in Ranged Weapons
  1765 | D:3      | HP: 1/30 [orc wizard/+2 dagger of electrocution (13)]
  1766 | D:3      | Slain by an orc wizard

Illustrated notes

Levels and vault maps discovered:
D:1:      dpeg_arrival_triangle_fractal, layout_basic, serial_aquarium,
          aquarium_bridge_square [aquarium_subvault_bridge,
          aquarium_subvault_wall, aquarium_subvault_window,
          aquarium_subvault_bridge], aquarium_bridge_long_separate
          [aquarium_subvault_bridge, aquarium_subvault_wall,
          aquarium_subvault_window, aquarium_subvault_window,
          aquarium_subvault_window, aquarium_subvault_bridge],
          aquarium_window_1, aquarium_window_corner, aquarium_view_2b,
          aquarium_balcony_3a
D:2:      layout_basic, basic_altar, ebering_ecumenical_altar_petrified
D:3:      layout_loops_cross, lemuel_blue_sif_altar, gammafunk_ghost_arena,
          grunt_ministairs_1

Skill      XL: |  1  2  3 |
---------------+----------+-----
Stealth        | 1 |  1.8
Fighting       | 2 |  2.3
Dodging        | 2 |  2.4
Ranged Weapons | 4 |  4.2
Armour         | |  0.1

Action                     || total
---------------------------++-------
   Fire: Shortbow          ||   109
 Armour: Leather armour    ||     6
  Dodge: Dodged            ||    13

Levels and vault maps discovered:
D:1:      dpeg_arrival_triangle_fractal, layout_basic, serial_aquarium,
          aquarium_bridge_square [aquarium_subvault_bridge,
          aquarium_subvault_wall, aquarium_subvault_window,
          aquarium_subvault_bridge], aquarium_bridge_long_separate
          [aquarium_subvault_bridge, aquarium_subvault_wall,
          aquarium_subvault_window, aquarium_subvault_window,
          aquarium_subvault_window, aquarium_subvault_bridge],
          aquarium_window_1, aquarium_window_corner, aquarium_view_2b,
          aquarium_balcony_3a
D:2:      layout_basic, basic_altar, ebering_ecumenical_altar_petrified
D:3:      layout_loops_cross, lemuel_blue_sif_altar, gammafunk_ghost_arena,
          grunt_ministairs_1

Table legend: (Time is in decaauts)
 A = Elapsed time spent in this place.
 B = Non-inter-level travel time spent in this place.
 C = Inter-level travel time spent in this place.
 D = Time resting spent in this place.
 E = Time spent auto-exploring this place.
 F = Levels seen in this place.
 G = Mean time per level.
                   A        B        C        D        E       F      G
               +--------+--------+--------+--------+--------+-----+--------+
         Total |   1802 |   1716 |     86 |      0 |   1488 |   3 |  600.7 |
       Dungeon |   1802 |   1716 |     86 |      0 |   1488 |   3 |  600.7 |
               +--------+--------+--------+--------+--------+-----+--------+

Top non-repeatable levels by time:
     D:1: 950 daAuts
     D:2: 591 daAuts
     D:3: 260 daAuts

Table legend:
 A = Kills in this place as a percentage of kills in the entire game.
 B = Kills by you in this place as a percentage of kills by you in the entire game.
 C = Kills by friends in this place as a percentage of kills by friends in the entire game.
 D = Other kills in this place as a percentage of other kills in the entire game.
 E = Experience gained in this place as a percentage of experience gained in the entire game.
 F = Experience gained in this place divided by the number of levels of this place that you have seen.
                   A       B       C       D       E      F
               +-------+-------+-------+-------+-------+----------------------
         Total | 100.0 | 100.0 |   N/A |   N/A | 100.0 |  35.3
       Dungeon | 100.0 | 100.0 |   N/A |   N/A | 100.0 |  35.3
               +-------+-------+-------+-------+-------+----------------------
